 Dungeon Crawl Stone Soup version 0.32-a0-540-g866d13106e (webtiles) character file.

Game seed: 12040707920785297586

9 Esekla the Sneak (level 2, 19/21 HPs)
             Began as an Octopode Delver on Feb 29, 2024.
             Quit the game on level 5 of the Dungeon.
             The game lasted 00:02:48 (79 turns).

Esekla the Sneak (Octopode Delver)                    Turns: 79, Time: 00:02:49

Health: 19/21      AC:  1    Str: 11    XL:     2   Next: 12%
Magic:  2/2        EV: 13    Int: 12    God:
Gold:   14         SH:  0    Dex: 13    Spells: 1/1 levels left

rFire   . . .        a - +0 falchion
rCold   . . .        (no shield)
rNeg    . . .        (helmet restricted)
rPois   .            (no amulet)
rElec   .            (no ring)
rCorr   .            (no ring)
SInv    .            (no ring)
Will    .....        (no ring)
Stlth   ++++         (no ring)
HPRegen 0.23/turn    (no ring)
MPRegen 0.08/turn    (no ring)
                     (no ring)

%: no passive effects
@: no status effects
A: almost no armour, amphibious, 8 rings, camouflage 1, gelatinous body 1,
(nimble swimmer 1), tentacles
a: no special abilities


You were on level 5 of the Dungeon.
You visited 1 branch of the dungeon, and saw 1 of its levels.

You collected 14 gold pieces.

Inventory:

Hand Weapons
 a - a +0 falchion (weapon)
Wands
 c - a wand of mindburst (9)
 f - a wand of digging (2)
Scrolls
 b - a scroll of fog
 d - a scroll of fear
Potions
 e - a potion of haste


   Skills:
 * Level 3.1 Fighting
 + Level 2.0 Long Blades
 * Level 2.1 Dodging
 + Level 6.9 Stealth
 * Level 0.3 Spellcasting


You had one spell level left.
You didn't know any spells.
Your spell library was empty.

Dungeon Overview and Level Annotations

Branches:
Dungeon (5/15)
 Temple: D:4-7

Altars:

Shops:
D:5 [


Innate Abilities, Weirdness & Mutations

You cannot wear most types of armour.
You are amphibious.
You can wear up to eight rings at the same time.
Your skin changes colour to match your surroundings (Stealth+).
Your rubbery body absorbs attacks. (AC +1, EV +1)
((You are camouflaged when in or above water. (Stealth+)))
You have tentacles for arms and can constrict up to eight enemies at once.


Message History

As you read the scroll of revelation, it crumbles to dust.
You feel aware of your surroundings.
You sensed 1 shop/portal.
Found a short bone wand.
An orc wizard comes into view. It is wielding a +0 dagger.
A water moccasin comes into view.
c - a wand of mindburst (9)
A quokka comes into view.
You open the door.
Found an escape hatch in the ceiling.
There is an open door here.
You close the door.
There is an escape hatch in the ceiling here.
Found a club.
Aiming: Dig
Press: ? - help, Shift-Dir - straight line The rock shatters into small pieces.
You open the door.
An adder comes into view.
Found a quarterstaff.
Found Daonkov's Armour Shop.
There is an open door here.
There is an entrance to Daonkov's Armour Shop here.
Are you sure you want to abandon this character and quit the game? (Confirm with "yes".)
Okay, then.
You see here a +0 quarterstaff.
You see here a +0 quarterstaff.
The adder hisses angrily.
You slash the adder! Your grab misses the adder. Your squeeze misses the adder.
The adder is severely wounded.
The adder closely misses you.
You closely miss the adder. Your grab misses the adder.
The adder is severely wounded.
The adder closely misses you. The adder misses you.
You hit the adder but do no damage. Your grab misses the adder.
The adder is severely wounded.
The adder bites you. The adder closely misses you.
You hit the adder.
You kill the adder!
You have reached level 2!
Are you sure you want to abandon this character and quit the game? (Confirm with "yes".)

+,,,,,*,,,,*,,,,,,#...##,,,,*#r..
*,,,,,*,,,,*,,,,,,#....+,,,,*....
*,,,,,*,,,,*,,,,,*#...##,,,,*,...
*,,,,**,,,*########...#*,,,,*,,,,
*,,,,**,,,*#.∩...##...#*,,,,**,,,
,,,,,**,,,*#......#...#*,,,,**,,,
,,,,,,,,,,,#......'...#,,,,,,,,,,
,,,,,,,,,,,#....†.#...#,,,,,,,,,,
,,,,,,,,,,,#..).@.#...#,,,,,,,,,,
***********############**********


There were no monsters in sight!

Vanquished Creatures
  An adder (D:5)
1 creature vanquished.

Notes
Turn   | Place    | Note
-------+----------+-------------------------------------------
     0 | D:5      | Esekla the Octopode Delver began the quest for the Orb.
     0 | D:5      | Reached XP level 1. HP: 16/16 MP: 1/1
    17 | D:5      | Noticed an orc wizard
    18 | D:5      | Noticed a water moccasin
    53 | D:5      | Found Daonkov's Armour Shop.
    79 | D:5      | Reached XP level 2. HP: 19/21 MP: 2/2
    79 | D:5      | Quit the game

Illustrated notes

Levels and vault maps discovered:
D:5:      layout_gridville, serial_shops, shop

Action                     || total
---------------------------++-------
  Melee: Falchion          ||     4
  Evoke: Wand              ||     1
    Use: Scroll            ||     1
 Armour: Skin              ||     1
  Dodge: Dodged            ||     4

Table legend: (Time is in decaauts)
 A = Elapsed time spent in this place.
 B = Non-inter-level travel time spent in this place.
 C = Inter-level travel time spent in this place.
 D = Time resting spent in this place.
 E = Time spent auto-exploring this place.
 F = Levels seen in this place.
 G = Mean time per level.
                   A        B        C        D        E       F      G
               +--------+--------+--------+--------+--------+-----+--------+
         Total |     79 |     79 |      0 |      0 |      0 |   1 |   79.0 |
       Dungeon |     79 |     79 |      0 |      0 |      0 |   1 |   79.0 |
               +--------+--------+--------+--------+--------+-----+--------+

Top non-repeatable levels by time:
     D:5: 79 daAuts
